 Dungeon Crawl Stone Soup version 0.17.0-28-g6e173f8 (webtiles) character file.

3892 Ijustatesigmund the Warrior (level 10, 0/78 HPs)
             Began as a Demonspawn Gladiator on Dec 1, 2015.
             Was a Believer of Okawaru.
             Shot with a sling bullet by Joseph (18 damage)
             ... on level 7 of the Dungeon.
             The game lasted 00:22:20 (5357 turns).

Ijustatesigmund the Warrior (Demonspawn Gladiator)  Turns: 5357, Time: 00:22:20

Health: 0/78       AC:  8    Str: 15    XL:     10   Next: 0%
Magic:  17/17      EV:  7    Int: 14    God:    Okawaru [**....]
Gold:   207        SH:  0    Dex: 16    Spells: 1 memorised, 7 levels left

rFire  + . .     SeeInvis +     a - +1 flail
rCold  . . .     Clarity  .     w - +0 ring mail (curse)
rNeg   . . .     SustAt   .     (no shield)
rPois  .         Gourm    .     (helmet restricted)
rElec  .         Spirit   .     (no cloak)
rCorr  .         Warding  .     (no gloves)
rMut   .         Stasis   .     D - +0 pair of boots
MR     +....                    G - amulet of rage
Stlth  +.........               l - ring of protection from magic
                                B - ring of Vaseh {Int+3 SInv}

@: somewhat resistant to hostile enchantments, very unstealthy
A: antennae 1, rugged brown scales 1, fire resistance 1, spiny 1, flame cloud
immunity
a: Heroism, Renounce Religion, Evoke Berserk Rage


You were on level 7 of the Dungeon.
You worshipped Okawaru.
Okawaru was pleased with you.
You were not hungry.

You visited 1 branch of the dungeon, and saw 7 of its levels.
You also visited: Sewer.

You collected 229 gold pieces.
You spent 22 gold pieces at shops.

Inventory:

Hand Weapons
 a - a +1 flail (weapon)
 m - a +1 dagger of venom
Missiles
 F - 7 exploding tomahawks (quivered)
Armour
 b - a +1 leather armour
 c - a +0 helmet
 h - a +0 ring mail
 w - a cursed +0 ring mail (worn)
 D - a +0 pair of boots (worn)
Jewellery
 f - an uncursed amulet of regeneration
 g - an uncursed ring of protection from fire
 l - a ring of protection from magic (right hand)
 o - an uncursed ring of flight
 x - an uncursed ring of wizardry
 B - the ring of Vaseh (left hand) {Int+3 SInv}
   (You found it on level 4 of the Dungeon)

   [ring of see invisible]

   It affects your intelligence (+3).
   It lets you see invisible.
 G - an amulet of rage (around neck)
Wands
 v - a wand of paralysis (9)
 J - a wand of invisibility (4)
Scrolls
 d - 3 scrolls of fog
 i - 4 scrolls of recharging
 t - a scroll of blinking
 z - a scroll of enchant weapon
 A - a scroll of enchant armour
 E - 4 scrolls of identify
 K - a scroll of remove curse
 L - a scroll of teleportation
Potions
 j - a potion of invisibility {unknown}
 k - 4 potions of flight
 n - a potion of brilliance
 p - a potion of agility
 q - a potion of resistance {unknown}
 r - 5 potions of curing
 C - a potion of ambrosia
Books
 y - a book of Minor Magic

   Spells                             Type                      Level
   a - Magic Dart                     Conjuration                  1
   b - Blink                          Translocation                2
   c - Call Imp                       Summoning                    2
   d - Repel Missiles                 Charms/Air                   2
   e - Slow                           Hexes                        2
   f - Conjure Flame                  Conjuration/Fire             3
   g - Mephitic Cloud                 Conjuration/Poison/Air       3
 H - a book of the Warp

   Spells                             Type                      Level
   a - Recall                         Summoning/Translocation      3
   b - Gell's Gravitas                Hexes/Translocation          3
   c - Force Lance                    Conjuration/Translocation    4
   d - Phase Shift                    Translocation                5
   e - Warp Weapon                    Charms/Translocation         5
   f - Summon Forest                  Summoning/Translocation      5
Comestibles
 e - 5 bread rations
 s - 3 chunks of flesh
 u - 5 meat rations
 I - a fruit
 M - a slice of pizza


   Skills:
 - Level 6.0 Fighting
 + Level 6.9 Maces & Flails
 - Level 1.7 Throwing
 - Level 5.6 Armour
 - Level 2.6 Dodging
 + Level 3.3 Translocations
 - Level 10.2 Invocations
 + Level 2.2 Evocations


You had 7 spell levels left.
You knew the following spells:

 Your Spells              Type           Power        Failure   Level  Hunger
a - Blink                 Tloc           N/A          24%         2    ###....


Dungeon Overview and Level Annotations

Branches:
Dungeon (7/15)             Temple (0/1) D:6

Altars:
Cheibriados
Dithmenos
Elyvilon
Fedhas
Gozag
Makhleb
Okawaru
Sif Muna
Trog
Zin

Shops:
D:4 (*

Annotations:
D:7 Joseph


Innate Abilities, Weirdness & Mutations

You have a pair of small antennae on your head.
You are partially covered in rugged brown scales (AC +1, +3% HP).
Your flesh is heat resistant.
You are partially covered in sharp spines.
You are immune to clouds of flame.


Message History

Okawaru accepts your kill.
You see here a robe.
M - a slice of pizza You see here a runed robe.
Joseph, a Mercenary comes into view.
He is wielding a quarterstaff.
Joseph shouts!
Joseph unwields an uncursed quarterstaff.
Joseph wields a hunting sling.
Joseph shoots a sling bullet.
The sling bullet hits you!
You see here a sling bullet.
Joseph shoots a sling bullet.
The sling bullet hits you!
You see here a sling bullet.
Joseph shoots a sling bullet.
The sling bullet hits you.
You see here 2 sling bullets.
Joseph shoots a sling bullet.
The sling bullet hits you!
* * * LOW HITPOINT WARNING * * *
There is a stone staircase leading down here.
You see here a sling bullet.
Joseph shoots a sling bullet.
The sling bullet hits you!!
You die...

########## #########..@.....#
#.......#........###
#.#####.#..........# ##### #.#
###.#........#.#### #.... #.#
#..[#######(##....# #.... #.#
#.........#(##..#.# #.... #.#
#....†....#.@.....## #....
#.###.........#..#.....# #....
#[##....#....##..#####.# #....
#.##..#.#....##..# #.## #....
#.#####.#.#...#..# #..#########
#<##....#........# ##.....#
####.######.####.######.....###
#.##...[.# #......)..........
#.##.##### ########.....####.


You could see Joseph.

Vanquished Creatures
  Pikel (D:5)
  The ghost of dorian the Destroyer, a novice OpCj of Vehumet (D:5)
  A troll (D:6)
  The ghost of ThereIsNoGod the Skirmisher, an amateur MiFi of Qazlal (D:4)
  Sigmund (D:5)
  A hippogriff (D:7)
  Menkaure (D:7)
  Duvessa (D:5)
  An ice beast (D:6)
  A sky beast (D:7)
  3 phantoms (D:4)
  An ogre (D:4)
  4 centaurs
  A big kobold (Sewer)
  Dowan (D:5)
  3 scorpions
  A crimson imp (D:6)
  A quasit (D:7)
  4 hounds
  3 orc priests
  A jelly (D:7)
  5 orc wizards
  A centaur skeleton (D:7)
  A gnoll shaman (D:4)
  Natasha (twice) (D:4)
  5 worker ants
  Robin (D:2)
  3 gnolls (D:4)
  12 adders
  A shadow imp (D:6)
  11 oozes
  An adder skeleton (D:5)
  5 giant geckos
  29 orcs
  5 ball pythons
  7 bats
  7 giant cockroaches
  10 goblins
  15 hobgoblins
  5 giant newts
  5 jackals (D:7)
  17 kobolds
  5 quokkas
  3 quokka skeletons
  9 rats
198 creatures vanquished.

Notes
Turn   | Place    | Note
--------------------------------------------------------------
     0 | D:1      | Ijustatesigmund the Demonspawn Gladiator began the quest for the Orb.
     0 | D:1      | Reached XP level 1. HP: 16/16 MP: 1/1
    55 | D:1      | Reached skill level 3 in Maces & Flails
   119 | D:1      | Gained mutation: You have a pair of small antennae on your head. [demonic ancestry]
   119 | D:1      | Reached XP level 2. HP: 17/22 MP: 2/2
   944 | D:2      | Found a burning altar of Makhleb.
   950 | D:2      | Found a glowing silver altar of Zin.
   950 | D:2      | Noticed an angel
   951 | D:2      | Noticed a blizzard demon
  1084 | D:2      | Gained mutation: You are partially covered in sharp spines. [demonic ancestry]
  1084 | D:2      | Reached XP level 3. HP: 15/27 MP: 3/3
  1228 | D:2      | Noticed Robin
  1603 | D:3      | Reached skill level 4 in Maces & Flails
  1603 | D:3      | Reached XP level 4. HP: 34/34 MP: 4/4
  1723 | D:3      | Found a glowing drain.
  1725 | D:3      | Reached XP level 5. HP: 41/41 MP: 5/5
  1737 | Sewer    | Entered a sewer
  2200 | D:3      | Gained mutation: You are partially covered in rugged brown scales (AC +1, +3% HP). [demonic ancestry]
  2200 | D:3      | Reached XP level 6. HP: 43/50 MP: 6/6
  2344 | D:3      | Noticed a centaur
  2351 | D:3      | Killed a centaur
  2351 | D:3      | Reached skill level 5 in Maces & Flails
  2481 | D:2      | Killed Robin
  2566 | D:2      | Found a deep blue altar of Sif Muna.
  2638 | D:4      | Found Mahorom's Weapon Boutique.
  2657 | D:4      | Reached skill level 5 in Fighting
  2660 | D:4      | Noticed Natasha
  2666 | D:4      | Killed Natasha
  2721 | D:4      | Reached XP level 7. HP: 49/57 MP: 7/7
  2766 | D:4      | Learned a level 2 spell: Blink
  2902 | D:4      | Reached skill level 6 in Fighting
  2948 | D:4      | Got a smoking granite ring
  2950 | D:4      | Identified the ring of Vaseh {Int+3 SInv} (You found it on level 4 of the Dungeon)
  3027 | D:4      | Found Haimigh's General Store.
  3039 | D:4      | Bought a scroll of identify for 22 gold pieces
  3076 | D:4      | Reached skill level 1 in Armour
  3219 | D:4      | Noticed ThereIsNoGod's ghost (amateur MiFi)
  3237 | D:4      | Killed ThereIsNoGod's ghost
  3237 | D:4      | Gained mutation: Your flesh is heat resistant. [demonic ancestry]
  3237 | D:4      | Reached XP level 8. HP: 49/65 MP: 8/8
  3324 | D:4      | Noticed Natasha
  3334 | D:4      | Killed Natasha
  3359 | D:4      | Reached skill level 5 in Armour
  3393 | D:5      | Entered Level 5 of the Dungeon
  3393 | D:5      | Noticed Duvessa
  3393 | D:5      | Noticed Dowan
  3451 | D:5      | Killed Dowan
  3455 | D:5      | Killed Duvessa
  3463 | D:5      | Found an iron altar of Okawaru.
  3472 | D:5      | Became a worshipper of Warmaster Okawaru
  3603 | D:5      | Noticed dorian's ghost (novice OpCj)
  3610 | D:5      | Killed dorian's ghost
  3610 | D:5      | Reached skill level 5 in Invocations
  3690 | D:5      | Found a burning altar of Makhleb.
  3935 | D:5      | Noticed Sigmund
  3941 | D:5      | Killed Sigmund
  3941 | D:5      | Gained mutation: You are immune to clouds of flame. [demonic ancestry]
  3941 | D:5      | Reached XP level 9. HP: 71/71 MP: 12/14
  4048 | D:5      | Noticed Pikel
  4063 | D:5      | Killed Pikel
  4063 | D:5      | Reached * piety under Okawaru
  4063 | D:5      | Reached skill level 8 in Invocations
  4303 | D:6      | Reached skill level 9 in Invocations
  4332 | D:6      | Reached skill level 10 in Invocations
  4386 | D:6      | Found a staircase to the Ecumenical Temple.
  4451 | D:6      | Reached ** piety under Okawaru
  4491 | D:6      | Found a bloodstained altar of Trog.
  4568 | D:6      | Reached skill level 1 in Translocations
  4617 | D:6      | Found a white marble altar of Elyvilon.
  4704 | D:6      | Found an opulent altar of Gozag.
  5032 | D:7      | Found a shadowy altar of Dithmenos.
  5032 | D:7      | Found a snail-covered altar of Cheibriados.
  5033 | D:7      | Found a blossoming altar of Fedhas.
  5042 | D:7      | Reached skill level 1 in Evocations
  5123 | D:7      | Noticed Menkaure
  5132 | D:7      | Killed Menkaure
  5310 | D:7      | Reached XP level 10. HP: 45/78 MP: 17/17
  5353 | D:7      | Noticed Joseph
  5357 | D:7      | Shot with a sling bullet by Joseph

Action                   |  1- 3 |  4- 6 |  7- 9 | 10-12 || total
-------------------------+-------+-------+-------+-------++-------
Melee: Flail             |    81 |   112 |   244 |     1 ||   438
Throw: Throwing net      |       |       |     3 |       ||     3
  Use: Scroll            |     8 |     4 |     6 |       ||    18
       Potion            |       |       |     8 |       ||     8
 Stab: Sleeping          |     1 |       |     1 |       ||     2
       Held in net/web   |       |       |     3 |       ||     3
  Eat: Chunk             |     3 |     4 |     5 |       ||    12
       Bread ration      |       |       |     1 |       ||     1
       Fruit             |       |       |     1 |       ||     1
